[Event "*** Titled Tuesday Blitz"]
[Site "Chess.com"]
[Date "2020.10.20"]
[Round "2"]
[White "gagtemp"]
[Black "korkmaz16"]
[Result "0-1"]
[WhiteElo "1945"]
[BlackElo "2358"]
[TimeControl "180+1"]
[EndTime "10:19:16 PDT"]
[Termination "korkmaz16 won on time"]

1. e4 d5 2. exd5 Nf6 3. c4 e6 4.
d4 exd5 5. Nc3 Bb4 6. Qb3 Nc6 7. Nf3 O-O 8. Be3 Bg4 9. O-O-O Bxc3 10. Qxc3 Re8 11. Bd3 dxc4 12. Bxc4 Nd5 13. Qd2 Nce7 14. h3 Bh5 15. g4 Bg6 16. Ne5 f6 17. Nxg6 Nxg6 18.
h4 c6 19. h5 Ne7 20. h6 g6 21. g5 f5 22. Qc2 b5 23. Bxd5+ Nxd5 24. Qb3 a5 25. Rhg1 a4 26. Qd3 Nb4 27. Qb1 Qd5 28. a3 Qc4+ 29. Kd2 Na6 30. Qd3 Qd5 31. Kc1 Rac8 32. Kb1 Qf3 33. Rg3 Qd5 34. Rc1 Red8 35. Qc3 Qe4+ 36. Ka1 f4 37. Rg4 Rf8 38. Bd2 Qf5 39.
Rcg1 f3 40. Be3 Nc7 41. Qd2 Nd5 42. Rc1 Nxe3 43. Qxe3 Rce8 44. Qd2 Qe6 45. Qc3 Qe2 46. Qxc6 Rc8 47. Qd5+ Kh8 48. Rxc8 Rxc8 49. Qe5+ Qxe5 50. dxe5 Rc2 51. Re4 Kg8 52. e6 Kf8 53. e7+ Ke8 54. Rb4 Rxf2 55. Rxb5 Re2 56. Rb8+ Kxe7 57. Rh8 f2 58.
Rxh7+ Ke6 0-1

[Event "*** Titled Tuesday Blitz"]
[Site "Chess.com"]
[Date "2020.10.20"]
[Round "2"]
[White "Snegokhod"]
[Black "A-S-00"]
[Result "0-1"]
[WhiteElo "2437"]
[BlackElo "2282"]
[TimeControl "180+1"]
[EndTime "10:19:18 PDT"]
[Termination "A-S-00 won on time"]

1. e4 c5 2. Nf3 e6 3. d3 d5 4. Nbd2 Nc6 5. g3 g6 6. Bg2 Bg7 7. O-O Nge7 8. Re1 O-O 9. e5 Qc7 10. Qe2 f6 11. exf6 Bxf6 12. c4 Bd7 13. Nb3 b6 14. Bf4 Qb7 15. Ng5 e5 16. Bd2 dxc4 17.
dxc4 Qc7 18. h4 Rae8 19. h5 Nf5 20. Bd5+ Kg7 21. h6+ Nxh6 22. Ne4 Nf5 23. Nxf6 Rxf6 24. Bg5 Rff8 25. Kg2 Ncd4 26. Nxd4 Nxd4 27. Qe4 Bf5 28.
Qh4 Kh8 29. Bf6+ Rxf6 30. Qxf6+ Qg7 31. Qxg7+ Kxg7 32. Rad1 Nc2 33. Re2 Nb4 34. a3 Nd3 35. Be4 Rd8 36. Rxd3 Bxe4+ 37. Rxe4 Rxd3 38. Rxe5 Rd2 39.
Re7+ Kh6 40. b4 cxb4 41. axb4 Rc2 42. Rc7 a5 43. b5 a4 44. Kf3 a3 45. Ke3 a2 46.
Ra7 Rxc4 47. Rxa2 Rb4 48. Ra7 Rxb5 49. Rb7 Rb4 50. f4 b5 51. g4 Rb3+ 52. Ke4 Rb1 53. Ke5 Re1+ 54. Kf6 Re4 55. g5+ Kh5 56. f5 gxf5 0-1

[Event "*** Titled Tuesday Blitz"]
[Site "Chess.com"]
[Date "2020.10.20"]
[Round "2"]
[White "AlexTriapishko"]
[Black "maximnovik"]
[Result "1-0"]
[WhiteElo "2821"]
[BlackElo "2520"]
[TimeControl "180+1"]
[EndTime "10:19:19 PDT"]
[Termination "AlexTriapishko won on time"]

1. Nf3 Nf6 2. g3 g6 3. b3 Bg7 4. Bb2 c5 5. Bg2 d5 6. O-O O-O 7. e3 Nc6 8. Ne5 Nxe5 9. Bxe5 Be6 10. d3 Qd7 11. Nd2 Bh3 12. Nf3 Bxg2 13. Kxg2 Rac8 14.
Qe2 Rfd8 15. Rfd1 Ne8 16. c4 Bxe5 17. Nxe5 Qe6 18. Nf3 Qf6 19. e4 dxe4 20. dxe4 Nc7 21. Qe3 Ne6 22. e5 Qf5 23. Rd5 Nc7 24. Rxc5 b6 25.
Rc6 Qd7 26. Qe4 Ne6 27. Rxc8 Qxc8 28. h4 h6 29. Qe3 Kg7 30. Re1 Qd7 31. Re2 Qc6 32.
Qe4 Qxe4 33. Rxe4 Rd1 34. Re1 Rd3 35. Re2 g5 36. h5 a5 37. Rd2 Rc3 38. Ne1 a4 39. Rc2 Rxc2 40. Nxc2 axb3 41. axb3 g4 42. Ne3 Nd4 43. Nxg4 Nxb3 44. Ne3 f6 45. Nf5+ Kf7 46. Nxh6+ Ke6 47. exf6 Kxf6 48. Ng4+ Kg5 49. h6 Kg6 50.
Ne5+ Kxh6 51. Nd7 Na5 52. Nxb6 Kg5 53. Kf3 e5 54. Ke4 Kf6 55. Nd7+ Ke7 56. Nxe5 Ke6 57. f4 Nb3 58. f5+ Kf6 59. g4 Nc5+ 60. Kd5 Nb3 61. Nf3 1-0

[Event "*** Titled Tuesday Blitz"]
[Site "Chess.com"]
[Date "2020.10.20"]
[Round "2"]
[White "Xeniya2005"]
[Black "Roza_Idrisova"]
[Result "1-0"]
[WhiteElo "2411"]
[BlackElo "2165"]
[TimeControl "180+1"]
[EndTime "10:19:21 PDT"]
[Termination "Xeniya2005 won on time"]

1. e4 c6 2. d4 d5 3. Nd2 g6 4. Ngf3 Bg7 5. c3 Bg4 6. e5 h5 7.
Be2 Nh6 8. h3 Bf5 9. Nb3 Nd7 10.
Bf4 a5 11. Qd2 a4 12. Nc1 Be4 13. Nd3 e6 14. O-O Nf5 15. b3 Kf8 16. Ng5 Kg8 17. f3 Bxd3 18. Bxd3 Bf8 19. Bxf5 exf5 20. b4 Nb6 21. Rae1 Be7 22. h4 Qc7 23. e6 Bd6 24.
Bxd6 Qxd6 25. exf7+ Kg7 26. Re2 Nd7 27. Rfe1 Nf8 28.
Ne6+ Nxe6 29. Rxe6 Qg3 30. Re7 Rhf8 31. Qe3 Qxh4 32.
Qe6 Qf6 33. Qd7 f4 34. R1e6 Qf5 35. Qd6 Rxf7 36. Rxf7+ Kxf7 37. Re7+ Kg8 38. Qc7 Qf6 39.
Qxb7 Rf8 40. Rc7 h4 41. Rxc6 Qf5 42. Rc7 Qf6 43. Qc6 Qf5 44. Qd7 Qxd7 45. Rxd7 Rc8 46. Rxd5 Rxc3 47. Rc5 Rd3 48. d5 Kf7 49. b5 a3 50. b6 Rd1+ 51. Kh2 Rb1 52. Rc6 g5 53.
Rc7+ Kf6 54. b7 Kf5 55. d6 Rb2 56. d7 g4 57. fxg4+ Kxg4 58. d8=Q 1-0

[Event "*** Titled Tuesday Blitz"]
[Site "Chess.com"]
[Date "2020.10.20"]
[Round "2"]
[White "bait_or_mate"]
[Black "ViditYT"]
[Result "0-1"]
[WhiteElo "2600"]
[BlackElo "2927"]
[TimeControl "180+1"]
[EndTime "10:19:22 PDT"]
[Termination "ViditYT won by resignation"]

1. d4 Nf6 2. c4 e6 3. Nf3 d5 4. g3 Bb4+ 5. Bd2 Be7 6. Bg2 O-O 7. O-O Nbd7 8. Qc2 c6 9. Bf4 a5 10. Nbd2 Nh5 11. Rfd1 Nxf4 12. gxf4 b6 13. e3 Ba6 14. Rac1 Rc8 15. Qb3 Bd6 16. Ne5 Nxe5 17. fxe5 Bb4 18. cxd5 cxd5 19. Rxc8 Qxc8 20. a3 Bxd2 21. Rxd2 Qc1+ 22.
Rd1 Qc6 23. Qc3 Rc8 24. Rc1 Qd7 25. Qd2 Bc4 26. Bf1 h6 27. Rc3 Bxf1 28. Kxf1 Rc4 29. b3 Rxc3 30. Qxc3 Qb5+ 31. Kg2 a4 32. bxa4 Qxa4 33.
Qc8+ Kh7 34. Qc7 Kg6 35. Qxb6 Qxa3 36. Qb1+ f5 37. exf6+ Kxf6 38. Qd1 Qd6 39. Qf3+ Ke7 40. Qg4 Kf7 41. Qf3+ Kg8 42. Qg4 Qe7 43. Qg6 Kf8 44. Qg4 Qf6 45. Qg3 Kf7 46. Qc7+ Kg6 47. Qg3+ Kh7 48.
Qg4 g5 49. Qg3 Kg6 50. h4 Qf5 51. hxg5 Qxg5 52. Kh3 Kf6 53. Qf3+ Qf5+ 54. Qg4 Qxf2 55. e4 Qe3+ 56. Kh2 Qxe4 0-1

[Event "*** Titled Tuesday Blitz"]
[Site "Chess.com"]
[Date "2020.10.20"]
[Round "2"]
[White "alexwinter25"]
[Black "ftorodent"]
[Result "1-0"]
[WhiteElo "2376"]
[BlackElo "2669"]
[TimeControl "180+1"]
[EndTime "10:19:22 PDT"]
[Termination "alexwinter25 won by resignation"]

1. e4 c5 2. Nf3 e6 3. d4 cxd4 4. c3 a6 5. Bf4 d3 6. Bxd3 Nc6 7. O-O d6 8. Qe2 e5 9. Be3 Nf6 10. h3 Be7 11. Nbd2 O-O 12. Rfd1 d5 13. Bc2 Qc7 14. Bg5 dxe4 15. Bxf6 Bxf6 16. Nxe4 Be7 17. Bb3 h6 18. Ng3 Re8 19. Rd2 Bf8 20. Rad1 e4 21. Nd4 Qf4 22. Nxc6 bxc6 23. Nf1 Be6 24. Bxe6 Rxe6 25.
Qe3 Qe5 26. Ng3 f5 27. Qd4 f4 28. Qxe5 Rxe5 29. Ne2 g5 30. Rd8 Rxd8 31. Rxd8 Kf7 32. Nd4 c5 33. Nc6 Re8 34. Rxe8 Kxe8 35. Kf1 Bd6 36.
Na5 Kd7 37. Nc4 Bc7 38. b3 Ke6 39. a4 Kd5 40. Ke2 Bd8 41. f3 Bf6 42. fxe4+ Kxe4 43. Nd6+ Kd5 44. Nc4 Bxc3 45. Kd3 Bd4 46. Nb6+ Kc6 47. Nc4 h5 48. Ke4 Kd7 49. Kf5 f3 50. gxf3 Kc6 51. Kxg5 Kd5 52. Kxh5 Bh8 53. Kg6 Kd4 54. f4 Kc3 55.
Na5 Kb4 56. Nb7 c4 57. bxc4 Kxa4 58. f5 Kb4 59. c5 Kb5 60. f6 Bxf6 61. Kxf6 Kc6 62.
Na5+ Kxc5 63. Nb3+ Kb4 64. Nc1 1-0

[Event "*** Titled Tuesday Blitz"]
[Site "Chess.com"]
[Date "2020.10.20"]
[Round "2"]
[White "anasta10"]
[Black "picturesquecheck"]
[Result "0-1"]
[WhiteElo "2375"]
[BlackElo "2115"]
[TimeControl "180+1"]
[EndTime "10:19:24 PDT"]
[Termination "picturesquecheck won by resignation"]

1. d4 Nf6 2. c4 e6 3. Nc3 d5 4. Bg5 Be7 5. e3 O-O 6. Nf3 c5 7. cxd5 Nxd5 8. Bxe7 Qxe7 9. Bd3 Nc6 10. O-O cxd4 11.
Nxd4 Nxd4 12. exd4 Nxc3 13. bxc3 Bd7 14. Re1 Bc6 15. c4 Qg5 16. Bf1 Rfd8 17. Rb1 Rac8 18. Qd3 a6 19. Qe3 Qf6 20. Red1 g6 21. h3 Rd7 22. Rb2 Rcd8 23. Rbd2 b5 24. d5 exd5 25.
cxd5 Rxd5 26. Rxd5 Rxd5 27. Rc1 Rd6 28. Qa7 Kg7 29. Qc7 Bd5 30. a3 Rc6 31. Rxc6 Qxc6 32. Qe7 Qe6 33. Qc7 Bc4 34. Bxc4 bxc4 35. Kh1 Qe1+ 36.
Kh2 c3 37. a4 h6 38. a5 Qd2 39. Qe5+ Kh7 40. Qc7 Kg8 41. Qb8+ Kh7 42. Qc7 Qa2 43. Qxc3 Qxf2 44. Qc7 Qf5 45. Qd6 Qb5 46. Qc7 Kg7 47. Qb6 Qe5+ 48. Kg1 Qe1+ 49. Kh2 Qe5+ 50. Kg1 Qe2 51. Kh2 h5 52. Qc5 Kh7 53. Qc7 Qe6 54. Qb6 h4 55. Qd4 g5 56. Qd3+ Kh6 57. Qd4 f5 58.
Qh8+ Kg6 59. Qd4 g4 60. Qb6 Kf6 61. Qd4+ Qe5+ 62. Qxe5+ Kxe5 63. hxg4 fxg4 64. g3 h3 0-1

[Event "*** Titled Tuesday Blitz"]
[Site "Chess.com"]
[Date "2020.10.20"]
[Round "2"]
[White "Artem_Sadovsky"]
[Black "1stSecond"]
[Result "1/2-1/2"]
[WhiteElo "2507"]
[BlackElo "2769"]
[TimeControl "180+1"]
[EndTime "10:19:25 PDT"]
[Termination "Game drawn - insufficient material"]

1. Nf3 Nf6 2. g3 b5 3. b3 Bb7 4.
Bg2 g6 5. O-O Bg7 6. Bb2 O-O 7.
d3 c5 8. e4 d6 9. a4 a6 10. Na3 Qb6 11. e5 dxe5 12. Nxe5 Bxg2 13. Kxg2 Nc6 14. Nxc6 Qxc6+ 15. Qf3 Qd7 16. axb5 axb5 17. Nc4 Rxa1 18. Ne5 Qd6 19. Rxa1 Nd5 20. Re1 Nb4 21. Re2 f6 22. Ng4 e5 23. Ne3 Rd8 24. Qb7 Qc6+ 25. Qxc6 Nxc6 26. Re1 Ra8 27. Ra1 Rxa1 28. Bxa1 Kf7 29.
Kf3 Ke6 30. Ke2 h5 31. Bc3 Bh6 32. Kf3 f5 33. Ke2 g5 34. h3 g4 35. hxg4 hxg4 36.
Nf1 f4 37. f3 Kf5 38. fxg4+ Kxg4 39. gxf4 Bxf4 40. Ne3+ Bxe3 41. Kxe3 Kf5 42. Kf3 Ne7 43. Bd2 Nd5 44. Be1 Ke6 45. Bf2 Kd6 46. Bg3 Nb4 47. Ke4 Nxc2 48. Bxe5+ Kc6 49. Bc3 b4 50. Bb2 Kb5 51.
Kf3 Kc6 52. Ke2 Kd5 53. Kd1 Ne3+ 54. Ke2 Nf5 55. Kd1 Kd6 56. Ke2 Ke6 57. Ke1 Ne7 58.
d4 Kd5 59. dxc5 Nc6 60. Bc1 Nd4 61. Bd2 Nxb3 62. Bxb4 Nd4 63. Kd2 Nc6 64. Kc3 Ne5 65.
Kb3 Kc6 66. Ka4 Nd3 67. Ba3 Nxc5+ 1/2-1/2

[Event "*** Titled Tuesday Blitz"]
[Site "Chess.com"]
[Date "2020.10.20"]
[Round "2"]
[White "Pultis"]
[Black "Kolle05"]
[Result "1-0"]
[WhiteElo "2673"]
[BlackElo "2305"]
[TimeControl "180+1"]
[EndTime "10:19:25 PDT"]
[Termination "Pultis won on time"]

1. d4 Nf6 2. c4 e6 3. Nf3 Bb4+ 4. Bd2 Be7 5. g3 O-O 6. Bg2 c5 7. O-O Nc6 8. Bc3 cxd4 9. Nxd4 d5 10. Nd2 a6 11. Rc1 Bd7 12. Qb3 Nxd4 13. Bxd4 Bc6 14. Rfd1 Qa5 15. Bc3 Qa4 16. Bxf6 Qxb3 17. Nxb3 Bxf6 18.
cxd5 Bxd5 19. Bxd5 exd5 20. Rxd5 Bxb2 21. Rc7 b5 22. Nc5 a5 23. Nd3 Bf6 24. Rxb5 Rfb8 25. Rxb8+ Rxb8 26. Ra7 Bc3 27. a4 g6 28. Rc7 Bd2 29.
Kg2 Rb1 30. Ne5 Ra1 31. Rxf7 Rxa4 32. Ra7 Re4 33. Nd7 Bc3 34. Kf3 Re7 35. Ra8+ Kf7 36. Nc5 Rc7 37. Ne4 Bb4 38. Ng5+ Kf6 39. Ne4+ Ke5 40.
Ke3 Rb7 41. f4+ Kf5 42. Kf3 Rc7 43. g4+ Ke6 44. Ke3 Rc2 45. Ra6+ Kd5 46. Kd3 Ra2 47. Nf6+ Kc5 48. Nxh7 Ra3+ 49. Ke4 Rh3 50. Ng5 Rxh2 51. Kf3 Kb5 52. Ra8 a4 53. f5 gxf5 54. gxf5 a3 55. f6 Rh6 56. Ne4 Kc4 57. f7 Kb3 58. f8=Q Bxf8 59. Rxf8 a2 60. Nd2+ Kc2 61. Ra8 Kxd2 62.
Rxa2+ Kc3 63. Ra4 Rf6+ 64. Rf4 Re6 65. Re4 Rf6+ 66. Ke3 Rd6 67. Re8 Kc4 68. Ke4 Kc5 69. Ke5 Kc6 70. Rc8+ Kd7 71. Rd8+ Kxd8 72. Kxd6 1-0

[Event "*** Titled Tuesday Blitz"]
[Site "Chess.com"]
[Date "2020.10.20"]
[Round "2"]
[White "Fh2411"]
[Black "ambaixador"]
[Result "1-0"]
[WhiteElo "2515"]
[BlackElo "2297"]
[TimeControl "180+1"]
[EndTime "10:19:25 PDT"]
[Termination "Fh2411 won by resignation"]

1. Nf3 c6 2. g3 d5 3. Bg2 g6 4. d4 Bg7 5. O-O Nf6 6. c3 O-O 7. Nbd2 b6 8. Ne5 Bb7 9. e4 Nbd7 10. exd5 Nxe5 11. dxe5 Nxd5 12. Re1 Qc8 13. Nc4 Nc7 14. Bg5 Re8 15. Qf3 Ne6 16. Bf4 Rb8 17. Rad1 c5 18. Qe3 Bxg2 19. Kxg2 Qc6+ 20. Qe4 Qxe4+ 21. Rxe4 Red8 22.
Ree1 Kf8 23. a4 Ke8 24. Kf3 a6 25. Rxd8+ Kxd8 26. Rd1+ Kc7 27. Ne3 Kc6 28. Nd5 Rb7 29. Ke4 b5 30. axb5+ axb5 31. Ra1 b4 32. c4 Nd4 33. Be3 Nb3 34. Ra6+ Kd7 35. f4 e6 36. Nb6+ Kc7 37. Na4 Bf8 38. Ra8 Rb8 39. Rxb8 Kxb8 40. Kd3 Kb7 41. Kc2 Na1+ 42. Kb1 Nb3 43. Ka2 Na5 44. Bxc5 Bxc5 45. Nxc5+ Kc6 46. Ne4 Nxc4 47. Kb3 Kb5 48. Nd6+ Nxd6 49. exd6 Kc6 50. Kxb4 Kxd6 51. Kc4 f6 52. Kd4 Kc6 53. Kc4 Kb6 54. b4 Kc6 55. h3 h5 56. h4 Kd6 57. b5 e5 58.
fxe5+ Kxe5 59. Kc5 g5 60. b6 gxh4 61. gxh4 f5 62. b7 f4 63. b8=Q+ Ke4 64. Qe8+ Kf3 65. Qxh5+ 1-0

[Event "*** Titled Tuesday Blitz"]
[Site "Chess.com"]
[Date "2020.10.20"]
[Round "2"]
[White "Susal_De_Silva"]
[Black "CLG_Nemsko"]
[Result "1/2-1/2"]
[WhiteElo "2420"]
[BlackElo "2225"]
[TimeControl "180+1"]
[EndTime "10:19:25 PDT"]
[Termination "Game drawn - insufficient material"]

1. e4 e5 2. Nf3 Nc6 3. Bb5 a6 4. Ba4 Nf6 5. O-O b5 6. Bb3 Be7 7. Re1 O-O 8. d4 d6 9. c3 Bg4 10. d5 Na5 11. Bc2 c6 12. dxc6 Nxc6 13. h3 Bh5 14.
Nbd2 Bg6 15. Nf1 Qc7 16. g4 Rad8 17. Ng3 d5 18. exd5 Rxd5 19. Qe2 Bxc2 20. Qxc2 Nb4 21. Qe2 Nd3 22. Rd1 Rfd8 23. Nf5 Bc5 24. Be3 e4 25. N3d4 Bd6 26. Nxd6 Qxd6 27. f3 exf3 28. Qxf3 Nxb2 29. Re1 Nd3 30. Re2 Ne5 31. Qg2 Nc4 32. Nf5 Rd1+ 33.
Rxd1 Qxd1+ 34. Kh2 h6 35. Bd4 Qc1 36. Bxf6 Qf4+ 37. Qg3 Qxg3+ 38. Nxg3 gxf6 39. Ne4 Kg7 40. Rf2 Rd3 41. Nxf6 Rxc3 42. Nh5+ Kf8 43. h4 Ne5 44. Nf6 a5 45. g5 hxg5 46. hxg5 Ng6 47. Ne4 Rc4 48.
Nd6 Rc7 49. Nxb5 Rb7 50. a4 Ke7 51. Kg3 Kf8 52. Kg4 Rd7 53. Kh5 Rd5 54. Rf6 Kg7 55. Nd6 Rd1 56. Nf5+ Kf8 57. Nh6 Ne5 58. g6 Rh1+ 59.
Kg5 Nxg6 60. Rxf7+ Ke8 61. Kxg6 Rxh6+ 62. Kxh6 Kxf7 63.
Kg5 Ke6 64. Kf4 Kd5 65. Ke3 Kc4 66. Kd2 Kb4 67. Kc2 Kxa4 68. Kb2 Kb4 69. Ka2 a4 70. Kb2 a3+ 71. Ka2 Kc3 72. Ka1 Kd4 73. Ka2 Kc3 74. Kxa3 1/2-1/2

[Event "*** Titled Tuesday Blitz"]
[Site "Chess.com"]
[Date "2020.10.20"]
[Round "2"]
[White "scarabee43"]
[Black "UmbertoConcelli"]
[Result "1/2-1/2"]
[WhiteElo "2470"]
[BlackElo "2712"]
[TimeControl "180+1"]
[EndTime "10:19:27 PDT"]
[Termination "Game drawn - insufficient material"]

1. Nf3 d5 2. e3 Nf6 3. c4 e6 4. b3 Bd6 5. Bb2 O-O 6. Nc3 c5 7.
cxd5 exd5 8. d4 Nc6 9. Be2 cxd4 10. Nxd4 Nxd4 11. Qxd4 Re8 12. O-O Be5 13. Qd2 Be6 14. Rfd1 Rc8 15. Rac1 a6 16. Bf3 Rc5 17. Ne2 Rxc1 18. Qxc1 Bxb2 19. Qxb2 Qe7 20. Nf4 Rd8 21. Qe5 Qd7 22. h3 h6 23. e4 d4 24. Qc5 b5 25. e5 Nh7 26. Be2 Ng5 27. Bd3 Bf5 28.
Bxf5 Qxf5 29. Rxd4 Rxd4 30. Qxd4 Qb1+ 31. Kh2 Qxa2 32. h4 Ne6 33. Nxe6 fxe6 34. b4 Qc4 35. Qd6 Qxh4+ 36. Kg1 Qc4 37. Qxa6 Qc1+ 38. Kh2 Qf4+ 39. Kg1 Qxe5 40. g3 Qe1+ 41. Kg2 Qxb4 42. Qxe6+ Kf8 43. Qf5+ Ke7 44. Qe5+ Kf7 45. Qf5+ Kg8 46. Qe6+ Kf8 47. Qc8+ Ke7 48. Qc7+ Kf6 49. Qd8+ Qe7 50. Qb6+ Kf7 51. Qxb5 Qe4+ 52. Kh2 Qf3 53. Kg1 Qd1+ 54. Kg2 Qg4 55. Qe5 Kg6 56. f3 Qf5 57. Qd6+ Qf6 58. Qd3+ Qf5 59. Qd6+ Qf6 60. Qd7 Qb2+ 61. Kh3 Qf6 62.
Qg4+ Qg5 63. Qe6+ Qf6 64. Qe8+ Qf7 65. Qxf7+ Kxf7 66. Kg4 Kf6 67. f4 g6 68. Kf3 h5 69.
Ke4 Ke6 70. Ke3 Kf5 71. Kf3 g5 72. fxg5 Kxg5 73. Kf2 h4 74. gxh4+ Kxh4 1/2-1/2

[Event "*** Titled Tuesday Blitz"]
[Site "Chess.com"]
[Date "2020.10.20"]
[Round "2"]
[White "Shivagami"]
[Black "mirceaparligras"]
[Result "0-1"]
[WhiteElo "2245"]
[BlackElo "2660"]
[TimeControl "180+1"]
[EndTime "10:19:27 PDT"]
[Termination "mirceaparligras won by resignation"]

1. d4 Nf6 2. c4 c5 3. d5 e6 4. Nc3 exd5 5. cxd5 d6 6. e4 g6 7. f4 Bg7 8. Nf3 O-O 9. Bd3 b5 10.
O-O c4 11. Bc2 Qb6+ 12. Kh1 Nbd7 13. h3 Re8 14. Re1 Nc5 15. e5 dxe5 16. fxe5 Nfd7 17. Qd4 b4 18. Nd1 Nd3 19. Qxb6 Nxb6 20. Bxd3 cxd3 21.
d6 Bb7 22. Bf4 Rac8 23. Nf2 Bxf3 24. gxf3 d2 25. Bxd2 Bxe5 26. Bxb4 Bxb2 27. Rxe8+ Rxe8 28. Rd1 Rd8 29. Ne4 Nd7 30. Nc5 Nxc5 31. Bxc5 Rd7 32. Rb1 Bf6 33. Rb8+ Kg7 34. Rc8 Be5 35. Rc7 Rxc7 36.
dxc7 Bxc7 37. Bxa7 Kf6 38. Bd4+ Ke6 39. Kg2 Kd5 40.
Be3 Kc4 41. Kf2 Kb4 42. Bc1 Kc3 43. Ke2 Kc2 44. Be3 Kb2 45. a4 Kb3 46. Bd4 Kxa4 47. Ke3 Kb5 48. Ke4 Kc6 49. Be3 Kd7 50. Bh6 Ke6 51.
f4 f5+ 52. Kf3 Kd5 53. Bg5 Kd4 54. Bf6+ Kd3 55. Bg5 Bb6 56. Bh6 Kd2 57. Bg5 Ke1 58. Kg2 Ke2 59. h4 Ke3 60. Kg3 Ba5 61. Kg2 Be1 62.
Kh3 Kf3 63. Bh6 Bd2 64. Bg5 Bxf4 0-1

[Event "*** Titled Tuesday Blitz"]
[Site "Chess.com"]
[Date "2020.10.20"]
[Round "2"]
[White "DenishevM"]
[Black "GiantThresher"]
[Result "1-0"]
[WhiteElo "2552"]
[BlackElo "2838"]
[TimeControl "180+1"]
[EndTime "10:19:29 PDT"]
[Termination "DenishevM won by resignation"]

1. d4 Nf6 2. c4 g6 3. Nc3 d5 4. cxd5 Nxd5 5. e4 Nxc3 6. bxc3 Bg7 7. Nf3 c5 8. Be3 Qa5 9. Qd2 O-O 10. Rc1 Rd8 11.
d5 Nc6 12. Be2 e6 13. Bg5 f6 14. Bf4 f5 15. Bg5 fxe4 16. Bxd8 Nxd8 17. Ng5 Bh6 18.
O-O Nf7 19. h4 Qd8 20. Nxf7 Bxd2 21. Nxd8 Bxc1 22. Rxc1 exd5 23. Rd1 Kf8 24. Rxd5 Ke7 25. h5 Rb8 26. f3 Bd7 27. hxg6 hxg6 28. fxe4 Rxd8 29.
Rxc5 Bc6 30. Bf3 Rd2 31. a4 Ra2 32. a5 Ra3 33. Kh2 Kd6 34. Rg5 Be8 35. e5+ Ke7 36. Bxb7 Rxa5 37. Be4 Ra6 38. c4 Ra5 39. Kg3 Rc5 40.
Bd5 a5 41. Kf4 a4 42. Rg3 Ra5 43. Ra3 Kd8 44. Ke4 Kc7 45. Kd4 Kb6 46. g4 g5 47. e6 Ra7 48. Ke5 Kc5 49. Kf6 Kb4 50. Ra1 a3 51. e7 a2 52. Be6 Kc5 53. Bd5 Ra6+ 54. Kg7 Ra7 55. Kf8 Bd7 56. e8=Q Bxe8 57. Kxe8 Kd6 58. Kf8 Ke5 59. Bf7 Kf6 60. Rf1+ Ke5 61.
Ra1 Kf6 62. Be8 Ke5 63. c5 Kd5 64. Bf7+ Kxc5 65. Rxa2 Rb7 66. Ra5+ Kd6 67. Rxg5 Rb8+ 68. Kg7 Ke7 69. Re5+ Kd6 70. Re1 1-0

[Event "*** Titled Tuesday Blitz"]
[Site "Chess.com"]
[Date "2020.10.20"]
[Round "2"]
[White "Jumbo"]
[Black "FLamps8"]
[Result "1-0"]
[WhiteElo "2771"]
[BlackElo "2495"]
[TimeControl "180+1"]
[EndTime "10:19:29 PDT"]
[Termination "Jumbo won by resignation"]

1. d4 d5 2. Bf4 c5 3. e3 Nc6 4. c3 Nf6 5. Nd2 Bf5 6. Qb3 Qc8 7. Ngf3 e6 8. Nh4 Bg6 9. Nxg6 hxg6 10. h3 Be7 11. Be2 O-O 12. O-O c4 13. Qc2 b5 14.
e4 b4 15. Bf3 a5 16. Rfe1 Qd7 17. Bg3 a4 18. exd5 exd5 19. Nxc4 dxc4 20. Bxc6 Qxc6 21. Rxe7 Nd5 22. Re2 a3 23. cxb4 Nxb4 24. Qd2 axb2 25. Qxb2 Nd5 26. Rc1 Ra4 27. Re5 Rfa8 28. Qe2 c3 29. Qe4 Nb4 30. Rxc3 Qxc3 31. Re8+ Rxe8 32. Qxe8+ Kh7 33. Qxa4 Qxd4 34. Kh2 Qb2 35. Qb3 Qxb3 36. axb3 g5 37. Bd6 Nd5 38. Kg3 Kg6 39. Kf3 Kf5 40. g4+ Ke6 41. Bf8 g6 42. Ke4 f5+ 43. Kd4 Nf4 44.
b4 Nxh3 45. Ke3 fxg4 46. b5 Kd5 47. Be7 Nf4 48. Bxg5 Ne6 49. Be7 g5 50. Ba3 Nd4 51. b6 Nf5+ 52. Kd3 Kc6 53. Ke4 Nh4 54. Bc5 Nf3 55.
Be3 Ng1 56. Kf5 Nh3 57. Kxg4 Ng1 58. Kxg5 Nf3+ 59. Kf5 Nh4+ 60. Ke4 Ng2 61. f4 Nxe3 62. Kxe3 Kxb6 63. Kd4 Kc7 64. Ke5 Kd7 65. Kf6 Kd6 1-0

[Event "*** Titled Tuesday Blitz"]
[Site "Chess.com"]
[Date "2020.10.20"]
[Round "2"]
[White "ajedrezhoy"]
[Black "fabianvivasz"]
[Result "0-1"]
[WhiteElo "2234"]
[BlackElo "2436"]
[TimeControl "180+1"]
[EndTime "10:19:29 PDT"]
[Termination "fabianvivasz won on time"]

1. d4 Nf6 2. c4 g6 3. Nc3 d5 4.
cxd5 Nxd5 5. e4 Nxc3 6. bxc3 Bg7 7. Bb5+ c6 8. Ba4 O-O 9. Ne2 c5 10. O-O Qa5 11. Be3 Rd8 12. Rb1 a6 13. Bb3 Nc6 14.
Bd5 e6 15. Bxc6 bxc6 16. Qb3 cxd4 17. cxd4 e5 18. dxe5 Qxe5 19. Qc4 Be6 20. Qa4 c5 21. Nf4 Bd7 22. Qc2 Bb5 23. Rfd1 Rac8 24. Nd5 Bc6 25.
Bf4 Qe6 26. Bg5 f6 27. Be3 Bxd5 28. exd5 Rxd5 29. Rxd5 Qxd5 30. Qa4 Qe6 31. Rc1 Bf8 32. h4 h5 33. Qc4 Qxc4 34. Rxc4 Kf7 35. Ra4 Rc6 36.
Rc4 Ke6 37. f3 Kd5 38. Rc2 c4 39. Kf2 c3 40. Ke2 Kc4 41. Bd2 Re6+ 42. Kd1 Rd6 43. Rxc3+ Kb5 44. Rb3+ Kc4 45. Ke2 Re6+ 46. Kd1 Bc5 47. Kc2 Rd6 48. Rc3+ Kb5 49. a4+ Kc6 50.
Be3 Rd5 51. g4 Kd6 52. Bf4+ Kc6 53. Be3 Kd6 54. Bxc5+ Rxc5 55. gxh5 gxh5 56. Kd3 Rxc3+ 57. Kxc3 Kc5 58. f4 a5 0-1

[Event "*** Titled Tuesday Blitz"]
[Site "Chess.com"]
[Date "2020.10.20"]
[Round "2"]
[White "GoltsevDmitry2000"]
[Black "karwowskikacper"]
[Result "1-0"]
[WhiteElo "2685"]
[BlackElo "2344"]
[TimeControl "180+1"]
[EndTime "10:19:31 PDT"]
[Termination "GoltsevDmitry2000 won by resignation"]

1. e4 c5 2. Nf3 Nc6 3. d4 cxd4 4. Nxd4 Nf6 5. Nc3 e6 6. Be2 Bb4 7. Qd3 Ne5 8. Qe3 O-O 9. h3 Qc7 10. O-O Bxc3 11. bxc3 d5 12. f4 Nc4 13. Bxc4 Qxc4 14.
e5 Ne4 15. Bd2 b6 16. Rf3 Bd7 17. Be1 Rac8 18. g4 f6 19. exf6 gxf6 20. Ne2 e5 21. f5 Bb5 22. Nc1 Ng5 23. Rf2 d4 24. cxd4 exd4 25.
Qa3 Qc5 26. Bb4 Qd5 27. Bxf8 Bc6 28. Kf1 Rxf8 29. Ne2 Kg7 30. Ng3 Re8 31. Qb3 Bb5+ 32. Kg1 Nxh3+ 33. Kh2 Qxb3 34. axb3 Nxf2 35. Rxa7+ Kh6 36.
Rb7 Nxg4+ 37. Kh3 Ne3 38. Rxb6 Bf1+ 39. Kh2 Kg5 40. Rd6 Kf4 41. Rxd4+ Kf3 42. Nh5 Rg8 43.
Rf4+ Ke2 44. Ng3+ Ke1 45. Rf3 Ng4+ 46. Kg1 Bh3 47. c4 Ne5 48. Re3+ Kd1 49. Kh1 Bg4 50.
Kh2 h5 51. Ne4 h4 52. Nxf6 Bxf5 53. Rxe5 Bc2 54. b4 Rb8 55. b5 Bd3 56. Rd5 Kc2 57. Rc5 Kc3 58. Nd7 Bxc4 59. Nxb8 Kb4 60. Na6+ Kb3 61. Rxc4 Kxc4 62. b6 1-0

[Event "*** Titled Tuesday Blitz"]
[Site "Chess.com"]
[Date "2020.10.20"]
[Round "2"]
[White "Matols"]
[Black "TokChess"]
[Result "1/2-1/2"]
[WhiteElo "2242"]
[BlackElo "2427"]
[TimeControl "180+1"]
[EndTime "10:19:34 PDT"]
[Termination "Game drawn by repetition"]

1. d4 d5 2. c4 c6 3. Nf3 Nf6 4. e3 Bg4 5. h3 Bxf3 6. Qxf3 e6 7.
Nc3 Bd6 8. Bd3 Nbd7 9. O-O dxc4 10.
Bxc4 O-O 11. Rd1 Qe7 12. e4 e5 13. d5 Nb6 14. Bb3 cxd5 15. Nxd5 Nfxd5 16. exd5 e4 17. Qh5 f5 18. Bf4 g6 19. Qh6 Rac8 20. Rac1 Rxc1 21.
Rxc1 Rc8 22. Rxc8+ Nxc8 23. h4 Qg7 24. Qg5 Qd7 25.
h5 Kg7 26. h6+ Kf7 27. Be3 Qe7 28. Kf1 Qxg5 29. Bxg5 Ke8 30. Ke2 Kd7 31. g4 Be5 32. gxf5 gxf5 33. f3 exf3+ 34. Kxf3 Kd6 35. Bc2 Ne7 36.
Bxe7+ Kxe7 37. Bxf5 Bxb2 38. Bxh7 Bc1 39. Ke4 Bxh6 40. Ke5 Bg7+ 41. Ke4 Kd6 42. Bf5 Kc5 43. Bc8 b5 44. Be6 Bf8 45. Ke5 Bd6+ 46. Ke4 Kb4 47.
Bd7 a6 48. Bc8 a5 49. Bd7 Kc4 50. Be8 Kc5 51. Bd7 Kb6 52. Be8 Bf8 53. Bd7 Kc5 54.
Be8 Bg7 55. Bd7 a4 56. Be8 Bf8 57. Bd7 Kb4 58. Be8 Bd6 59. Bd7 Kc4 60. Be8 a3 61.
Bd7 Kb4 62. Be8 Kc3 63. Bxb5 Kb2 64. Bc4 Kc3 65. Bb3 Kb4 66. Kf5 Kc5 67. Ke6 Bg3 68. Kd7 Bd6 69. Ke6 Bg3 70. Kd7 Bd6 71. Ke6 1/2-1/2